Map: Inside and Out

Players

Vindicta - Winner!

  • Race: Terran Terran
  • Spawn Location: 1:00

Rob

  • Race: Protoss Protoss
  • Spawn Location: 7:00

Event: DreamHack SC2 Masters 2022 Atlanta (Offline)

VOD

Have the link to the VOD?

Description

Time

  • Played on: Nov. 18, 2022, 3:32 p.m.
  • Length: 10:12

All games in this series

Show
View Real Time Build Order
Export as new Build Order

Vindicta Terran - Winner!

Build Orders: Cyclone Opening 

Get SALT Encoding   

  12  0:00  SCV  
  13  0:12  SCV  
  14  0:18  Supply Depot  
  14  0:24  SCV  
  15  0:39  SCV  
  15  0:41  Barracks  
  16  0:44  Refinery  
  16  0:51  SCV  
  16  0:53  Refinery  
  17  1:04  SCV  
  18  1:16  SCV  
  19  1:28  Orbital Command  
  19  1:29  Reaper  
  20  1:33  Engineering Bay  
  20  1:47  Factory  
  20  1:54  SCV  
  21  2:01  Barracks Reactor  
  21  2:06  SCV  
  22  2:11  Supply Depot  
  21  2:18  SCV  
  22  2:30  SCV  
  22  2:35  Command Center  
  23  2:37  Factory Tech Lab  
  23  2:39  Marine  
  23  2:42  Marine  
  25  2:44  SCV  
  25  2:51  Supply Depot  
  26  2:58  Cyclone  
  26  3:03  SCV  
  30  3:08  Starport, Marine  
  30  3:12  Marine  
  32  3:15  SCV  
  33  3:26  Marine  
  33  3:27  SCV  
  33  3:30  Marine  
  36  3:44  Marine  
  36  3:46  SCV  
  35  3:49  Factory Tech Lab  
  35  3:50  Banshee, Cloaking Field  
  35  3:52  Marine  
  39  4:01  SCV, Marine  
  41  4:07  Bunker  
  41  4:08  Siege Tank  
  44  4:12  Orbital Command  
  44  4:16  SCV  
  45  4:23  Marine  
  45  4:24  Marine  
  47  4:28  SCV  
  48  4:36  Banshee  
  48  4:37  Supply Depot  
  51  4:40  SCV  
  51  4:41  Marine  
  54  4:53  SCV  
  54  4:57  Barracks, SCV  
  54  4:59  Siege Tank, Marine  
  57  5:00  Marine  
  57  5:05  SCV  
  60  5:09  Barracks, SCV  
  61  5:16  Supply Depot  
  61  5:17  SCV  
  61  5:18  Engineering Bay, Marine  
  63  5:22  SCV  
  63  5:24  Marine  
  65  5:29  SCV  
  65  5:32  Refinery  
  65  5:33  Siege Tank  
  65  5:34  SCV  
  70  5:38  Starport Reactor  
  70  5:40  Supply Depot  
  70  5:41  SCV  
  70  5:42  Marine  
  71  5:47  SCV  
  73  5:53  SCV  
  73  5:56  Stimpack  
  76  5:57  Marauder  
  76  6:01  Marine  
  76  6:02  Refinery  
  78  6:05  Supply Depot, Marine  
  78  6:07  SCV  
  78  6:12  Combat Shield  
  78  6:15  Marauder  
  78  6:17  SCV  
  81  6:19  SCV  
  81  6:23  Factory Reactor  
  82  6:27  Marine  
  82  6:29  SCV  
  82  6:30  Supply Depot  
  82  6:31  SCV  
  85  6:34  Marine  
  85  6:39  Medivac  
  87  6:41  SCV, Medivac  
  87  6:42  Marine  
  87  6:43  SCV  
  92  6:52  Terran Infantry Weapons Level 1  
  94  6:54  Supply Depot  
  94  7:00  Supply Depot  
  94  7:01  Widow Mine  
  96  7:03  Widow Mine  
  96  7:04  Marauder  
  98  7:09  Marine x2  
  98  7:10  SCV  
  101  7:18  Command Center  
  101  7:20  Medivac x2  
  101  7:21  Marine  
  106  7:25  Marine  
  106  7:27  Marine x2  
  109  7:37  Supply Depot, Barracks  
  109  7:38  Barracks  
  109  7:39  Marauder  
  109  7:40  SCV  
  109  7:43  Marauder  
  114  7:45  Concussive Shells, Marine  
  115  7:53  Supply Depot  
  115  7:59  Supply Depot  
  115  8:00  Marauder  
  115  8:01  SCV  
  108  8:06  Marauder  
  108  8:12  Marine x2  
  95  8:17  SCV x2  
  95  8:18  Medivac  
  97  8:22  Widow Mine, Marauder  
  97  8:26  Barracks Reactor, Marine  
  103  8:28  Barracks Tech Lab  
  103  8:29  SCV x2  
  103  8:30  Marine  
  103  8:31  Marine  
  106  8:36  Widow Mine  
  106  8:39  Ghost Academy  
  108  8:42  Marine  
  108  8:43  SCV  
  108  8:44  Marine  
  108  8:46  SCV  
  108  8:48  Marine  
  111  8:50  Orbital Command  
  111  8:55  SCV  
  111  8:57  Viking  
  111  8:58  Marine  
  113  9:03  Marine  
  113  9:04  Marauder  
  113  9:07  Marine  
  113  9:08  Marauder  
  118  9:15  Refinery, Marine  
  108  9:18  Marauder  
  108  9:23  Marine  
  106  9:24  Marine  
  106  9:25  Marauder  
  106  9:29  Marauder  
  106  9:31  Marine  
  106  9:33  Marine  
  106  9:34  SCV, Refinery  
  104  9:39  Marauder  
  104  9:40  Supply Depot x2  
  106  9:46  Marine  
  106  9:47  Marauder  
  106  9:48  SCV  
  106  9:50  Marine  
  106  9:51  Marauder  
  113  9:58  SCV x2  
Show
View Real Time Build Order
Export as new Build Order

Rob Protoss 

Build Orders:  

Get SALT Encoding   

  12  0:00  Probe  
  13  0:12  Probe  
  14  0:18  Pylon  
  14  0:24  Probe (Chrono Boost)  
  15  0:36  Gateway, Probe (Chrono Boost)  
  16  0:45  Probe (Chrono Boost)  
  16  0:49  Assimilator  
  17  0:51  Probe  
  18  1:03  Probe  
  19  1:05  Gateway  
  20  1:23  Cybernetics Core  
  20  1:25  Probe  
  20  1:43  Probe  
  21  2:00  Stalker (Chrono Boost)  
  23  2:03  Pylon  
  23  2:15  Probe  
  23  2:18  Stalker (Chrono Boost)  
  23  2:19  Assimilator  
  25  2:27  Probe  
  26  2:30  Stalker (Chrono Boost)  
  28  2:39  Probe  
  28  2:40  Shield Battery  
  29  2:51  Probe  
  29  2:56  Pylon  
  30  3:03  Probe  
  31  3:12  Warp Gate (Chrono Boost)  
  31  3:17  Nexus  
  31  3:18  Probe  
  32  3:30  Probe  
  33  3:34  Twilight Council  
  33  3:40  Stalker  
  33  3:42  Probe  
  34  3:54  Probe  
  35  3:56  Robotics Facility  
  35  4:06  Probe  
  35  4:08  Blink (Chrono Boost)  
  36  4:19  Probe (Chrono Boost)  
  37  4:29  Probe (Chrono Boost)  
  39  4:36  Probe (Chrono Boost)  
  39  4:38  Probe (Chrono Boost)  
  39  4:43  Probe (Chrono Boost)  
  39  4:44  Probe  
  41  4:55  Probe  
  41  4:56  Nexus  
  41  4:57  Stalker x2  
  41  4:58  Probe  
  47  5:01  Observer  
  48  5:07  Robotics Bay, Probe  
  48  5:10  Probe  
  48  5:11  Shield Battery  
  50  5:19  Probe  
  51  5:22  Probe  
  51  5:24  Pylon  
  51  5:25  Pylon  
  52  5:31  Probe  
  52  5:34  Gateway, Probe  
  54  5:39  Gateway  
  54  5:40  Gateway  
  54  5:43  Probe  
  55  5:53  Forge, Probe  
  55  5:54  Disruptor (Chrono Boost)  
  55  5:55  Probe  
  57  5:57  Pylon  
  57  6:03  Stalker  
  62  6:07  Probe x3  
  65  6:19  Probe x3  
  73  6:28  Pylon  
  73  6:31  Probe x2  
  73  6:32  Probe  
  71  6:33  Observer (Chrono Boost)  
  64  6:43  Shield Battery  
  64  6:44  Probe x3  
  65  6:53  Protoss Ground Weapons Level 1 (Chrono Boost)  
  65  6:54  Photon Cannon  
  65  6:56  Probe x3  
  65  6:57  Photon Cannon  
  65  6:59  Colossus (Chrono Boost)  
  68  7:05  Assimilator  
  68  7:06  Charge (Chrono Boost)  
  68  7:08  Probe x2, Assimilator  
  76  7:14  Probe  
  77  7:18  Shield Battery  
  77  7:20  Probe x2  
  79  7:26  Probe  
  80  7:33  Shield Battery  
  80  7:36  Zealot x5  
  87  7:42  Gateway  
  87  7:44  Colossus (Chrono Boost), Gateway  
  91  7:57  Zealot x4  
  76  8:16  Stalker  
  76  8:17  Stalker x2  
  76  8:18  Zealot x2  
  74  8:31  Nexus  
  74  8:38  Zealot  
  74  8:39  Zealot  
  78  8:41  Pylon  
  78  8:46  Pylon  
  74  8:49  Zealot x2  
  76  9:01  Zealot  
  77  9:03  Colossus (Chrono Boost)  
  77  9:04  Shield Battery  
  77  9:05  Shield Battery, Pylon  
  77  9:06  Stalker  
  77  9:07  Zealot  
  72  9:24  Zealot x5  
  76  9:34  Zealot x2  
  57  9:46  Zealot x2  
  57  9:47  Zealot  
  57  9:51  Zealot  
  63  9:55  Zealot  
  63  9:59  Zealot  
  47  10:08  Zealot  
Tags
 
Add a new tag
Caveats
  • Supply blocks, unpowered buildings, or Contaminate may cause inaccurate times.
  • Supply counts are checked every 10 seconds.